2265 views
Uploaded 2025-02-10 13:53:32
Game version 1.00 (6115)
15:56 long 1on1 ladder game on (2)NorthernIsles_S2
Saved by SimoN
2265 views
Uploaded 2025-02-10 13:53:32
Game version 1.00 (6115)
15:56 long 1on1 ladder game on (2)NorthernIsles_S2

42 units @ 5.3k
/ 0.5k
16 buildings @ 2.6k
/ 0.8k


| Rod of Necromancy | 2 | 300 |
| Ritual Dagger | 1 | 125 |
| Sacrificial Skull | 1 | 50 |
| Potion of Mana | 4 | 800 |
| Potion of Healing | 1 | 150 |
| Scroll of Town Portal | 1 | 350 |
| Wand of Negation | 1 | 0 |
| total: | 11 | 1775g |
| Acolyte | 19 | 1425 | / | 0 |
| Ghoul | 10 | 1200 | / | 0 |
| Crypt Fiend | 7 | 1505 | / | 280 |
| Obsidian Statue | 3 | 600 | / | 105 |
| Gargoyle | 2 | 350 | / | 60 |
| Abomination | 1 | 240 | / | 70 |
| total: | 42 | 5320g | / | 515w |
| Nerubian Tower | 2 | 200 | / | 40 |
| Spirit Tower | 2 | 290 | / | 80 |
| Crypt | 2 | 400 | / | 100 |
| Altar of Darkness | 1 | 180 | / | 50 |
| Ziggurat | 6 | 900 | / | 300 |
| Tomb of Relics | 3 | 390 | / | 90 |
| Necropolis | 1 | 225 | / | 0 |
| Graveyard | 1 | 215 | / | 0 |
| Slaughterhouse | 2 | 280 | / | 270 |
| Halls of the Dead | 1 | 320 | / | 210 |
| Black Citadel | 1 | 325 | / | 230 |
| total: | 16 | 2590g | / | 810w |
| 0:03 | Acolyte |
| 0:05 | Crypt |
| 0:09 | Altar of Darkness |
| 0:24 | Ziggurat |
| 0:32 | Acolyte |
| 0:32 | Acolyte |
| 0:42 | Acolyte |
| 1:09 | Tomb of Relics |
| 1:09 | Ghoul |
| 1:13 | Tomb of Relics |
| 1:28 | Ziggurat |
| 1:43 | Ghoul |
| 1:51 | Ghoul |
| 2:06 | Ghoul |
| 2:14 | Carrion Beetles |
| 2:22 | Rod of Necromancy |
| 2:22 | Ritual Dagger |
| 2:22 | Sacrificial Skull |
| 2:30 | Ghoul |
| 2:46 | Ghoul |
| 3:13 | Ghoul |
| 3:32 | Ziggurat |
| 3:38 | Nerubian Tower |
| 3:39 | Ghoul |
| 3:43 | Impale |
| 3:58 | Acolyte |
| 4:11 | Cannibalize |
| 4:12 | Ghoul |
| 4:24 | Ghoul |
| 4:30 | Acolyte |
| 4:30 | Acolyte |
| 4:35 | Nerubian Tower |
| 5:30 | Acolyte |
| 5:30 | Acolyte |
| 5:45 | Ziggurat |
| 5:46 | Necropolis |
| 5:47 | Acolyte |
| 6:04 | Graveyard |
| 6:09 | Carrion Beetles |
| 6:30 | Halls of the Dead |
| 6:57 | Ziggurat |
| 7:26 | Crypt |
| 7:39 | Crypt Fiend |
| 7:45 | Spirit Tower |
| 7:48 | Ziggurat |
| 7:56 | Acolyte |
| 7:59 | Acolyte |
| 8:01 | Acolyte |
| 8:18 | Acolyte |
| 8:19 | Acolyte |
| 8:45 | Spirit Tower |
| 8:52 | Spiked Carapace |
| 8:56 | Crypt Fiend |
| 8:56 | Burrow |
| 9:07 | Tomb of Relics |
| 9:23 | Slaughterhouse |
| 9:24 | Slaughterhouse |
| 9:44 | Crypt Fiend |
| 9:55 | Rod of Necromancy |
| 9:57 | Potion of Mana |
| 9:57 | Potion of Mana |
| 10:01 | Death Coil |
| 10:20 | Black Citadel |
| 10:38 | Creature Attack |
| 10:39 | Creature Carapace |
| 10:46 | Scroll of Town Portal |
| 11:07 | Crypt Fiend |
| 11:09 | Obsidian Statue |
| 12:37 | Wand of Negation |
| 12:41 | Unholy Aura |
| 12:42 | Gargoyle |
| 12:43 | Crypt Fiend |
| 12:58 | Obsidian Statue |
| 13:20 | Potion of Healing |
| 13:35 | Gargoyle |
| 13:36 | Crypt Fiend |
| 13:44 | Destroyer Form |
| 13:55 | Obsidian Statue |
| 14:16 | Acolyte |
| 14:17 | Acolyte |
| 14:17 | Acolyte |
| 14:25 | Potion of Mana |
| 14:26 | Potion of Mana |
| 14:33 | Abomination |
| 14:58 | Acolyte |
| 14:59 | Crypt Fiend |
| Right click | 911 |
| Select | 464 |
| Select group | 433 |
| Misc. action | 145 |
| Build/train/purchase | 135 |
| Assign group | 68 |
| Use ability | 35 |
| Item give/drop | 4 |
| Esc | 1 |
37 units @ 5k
/ 0.4k
24 buildings @ 2.3k
/ 1k


| Scroll of Regeneration | 1 | 100 |
| Lesser Clarity Potion | 1 | 70 |
| total: | 2 | 170g |
| Peasant | 13 | 975 | / | 0 |
| Footman | 5 | 675 | / | 0 |
| Rifleman | 11 | 2255 | / | 330 |
| Priest | 8 | 1080 | / | 80 |
| total: | 37 | 4985g | / | 410w |
| Scout Tower | 8 | 240 | / | 160 |
| Arcane Tower | 2 | 140 | / | 100 |
| Barracks | 1 | 160 | / | 60 |
| Altar of Kings | 1 | 180 | / | 50 |
| Farm | 8 | 640 | / | 160 |
| Blacksmith | 1 | 140 | / | 60 |
| Arcane Vault | 1 | 130 | / | 30 |
| Lumber Mill | 1 | 120 | / | 0 |
| Town Hall | 1 | 385 | / | 205 |
| Arcane Sanctum | 1 | 150 | / | 140 |
| Gryphon Aviary | 1 | 140 | / | 150 |
| Keep | 1 | 320 | / | 210 |
| Castle | 1 | 360 | / | 210 |
| total: | 24 | 2285g | / | 1015w |
| 0:01 | Peasant |
| 0:01 | Peasant |
| 0:06 | Barracks |
| 0:10 | Altar of Kings |
| 0:19 | Farm |
| 0:25 | Peasant |
| 0:37 | Peasant |
| 0:50 | Farm |
| 1:01 | Peasant |
| 1:09 | Footman |
| 1:27 | Footman |
| 1:29 | Peasant |
| 1:37 | Farm |
| 1:45 | Peasant |
| 1:58 | Footman |
| 2:13 | Peasant |
| 2:14 | Summon Water Elemental |
| 2:31 | Scout Tower |
| 2:32 | Scout Tower |
| 2:47 | Keep |
| 2:55 | Footman |
| 3:00 | Arcane Tower |
| 3:20 | Footman |
| 3:40 | Brilliance Aura |
| 3:48 | Blacksmith |
| 3:51 | Farm |
| 3:58 | Defend |
| 4:18 | Farm |
| 5:27 | Arcane Vault |
| 5:45 | Arcane Sanctum |
| 6:01 | Rifleman |
| 6:03 | Peasant |
| 6:16 | Summon Water Elemental |
| 6:29 | Holy Light |
| 6:34 | Scroll of Regeneration |
| 6:52 | Priest |
| 6:53 | Castle |
| 6:56 | Long Rifles |
| 7:03 | Lesser Clarity Potion |
| 7:13 | Priest Adept Training |
| 7:15 | Rifleman |
| 7:21 | Farm |
| 7:46 | Priest |
| 8:22 | Rifleman |
| 9:06 | Rifleman |
| 9:29 | Rifleman |
| 9:29 | Priest |
| 9:32 | Lumber Mill |
| 10:07 | Divine Shield |
| 10:18 | Priest |
| 10:20 | Rifleman |
| 10:22 | Farm |
| 10:54 | Black Gunpowder |
| 10:55 | Improved Lumber Harvesting |
| 11:02 | Brilliance Aura |
| 11:13 | Town Hall |
| 11:14 | Scout Tower |
| 11:15 | Scout Tower |
| 11:17 | Scout Tower |
| 11:29 | Rifleman |
| 11:32 | Priest |
| 12:28 | Holy Light |
| 12:35 | Rifleman |
| 13:05 | Rifleman |
| 13:07 | Priest |
| 13:16 | Rifleman |
| 13:42 | Summon Water Elemental |
| 13:46 | Rifleman |
| 13:46 | Priest |
| 13:56 | Arcane Tower |
| 13:57 | Peasant |
| 14:12 | Refined Gunpowder |
| 14:19 | Devotion Aura |
| 14:31 | Gryphon Aviary |
| 14:34 | Farm |
| 15:01 | Peasant |
| 15:01 | Peasant |
| 15:01 | Peasant |
| 15:11 | Scout Tower |
| 15:14 | Scout Tower |
| 15:17 | Scout Tower |
| 15:22 | Priest |
| 15:29 | Priest Master Training |
| Right click | 1160 |
| Select group | 460 |
| Select | 384 |
| Assign group | 204 |
| Build/train/purchase | 121 |
| Use ability | 33 |
| Misc. action | 10 |